 Dungeon Crawl Stone Soup version 0.30-a0-367-g839099abd5 (webtiles) character file.

Game seed: 9506665201807511527

61 Aramant the Shooter (level 3, -3/18 HPs)
             Began as a Spriggan Hunter on Nov 18, 2022.
             Killed by divine providence
             ... invoked by an orc priest
              (12 damage)
             ... on level 5 of the Dungeon.
             The game lasted 00:06:01 (564 turns).

Aramant the Shooter (Spriggan Hunter)                Turns: 564, Time: 00:06:03

Health: -3/18      AC:  3    Str:  7    XL:     3   Next: 83%
Magic:  4/4        EV: 18    Int: 10    God:
Gold:   105        SH:  0    Dex: 20    Spells: 2/2 levels left

rFire   . . .      SeeInvis +    e - +2 short sword (drain)
rCold   . . .      Faith    .    (no shield)
rNeg    . . .      Spirit   .    c - +1 robe
rPois   .          Reflect  .    (helmet restricted)
rElec   .          Harm     .    (no cloak)
rCorr   .          Rampage  .    (gloves unavailable)
Will    .....                    (boots unavailable)
Stlth   ++........               (no amulet)
HPRegen 0.23/turn                (no ring)
MPRegen 0.09/turn                (no ring)

@: very quick
A: very small, no large weapons, unfitting armour, see invisible, speed 3
a: no special abilities


You were on level 5 of the Dungeon.
You visited 1 branch of the dungeon, and saw 5 of its levels.

You collected 105 gold pieces.

Inventory:

Hand Weapons
 a - a +1 shortbow
 e - a +2 short sword of draining (weapon)
Armour
 c - a +1 robe (worn)
Scrolls
 b - a scroll of immolation
Potions
 d - a potion of berserk rage
 h - a potion of haste
 i - a potion of lignification {unknown}


   Skills:
 + Level 1.7 Fighting
 + Level 5.2 Ranged Weapons
 + Level 3.2 Dodging
 + Level 1.5 Stealth


You had 2 spell levels left.
You didn't know any spells.
Your spell library was empty.

Dungeon Overview and Level Annotations

Branches:
Dungeon (5/15)
 Temple: D:4-7

Altars:


Innate Abilities, Weirdness & Mutations

You are very small and have problems with some larger weapons.
You are too small for most types of armour.
You have supernaturally acute eyesight. (SInv)
You cover ground extremely quickly. (Speed+++)


Message History

As you read the scroll of identify, it crumbles to dust.
f - a potion of degeneration
As you read the scroll of identify, it crumbles to dust.
h - a potion of haste You drop a potion of degeneration.
You see here a +0 robe.
You now have 105 gold pieces (gained 13).
An orc comes into view. It is wielding a +0 short sword.
Found 8 gold pieces.
You are already wielding that!
An orc priest comes into view. It is wielding a +0 hand axe.
The orc priest shouts!
A white imp comes into view.
An orc and an orc wizard come into view.
Found a scroll of identify.
The orc shouts!
Okay, then.
The orc enters a dispersal trap!
The orc wizard blinks!
The white imp blinks!
The orc priest blinks!
The orc wizard blinks! x2; You blink.
The orc blinks!
An orc comes into view. It is wielding a +0 club.
The orc shouts!
You hear a shout!
The orc shouts!
Found 3 poisoned darts.
The orc enters a dispersal trap!
The orc blinks!
The orc priest blinks!
The orc blinks!
The orc priest blinks!
The orc blinks!
You blink.
The orc blinks!
The orc wizard gestures at you while chanting.
The puff of flame misses you.
Unknown command.
Unknown command.
The orc wizard casts a spell at you. The magic dart hits you!
Ouch! That really hurt!
You sense an unholy aura.
e - a +2 short sword of draining (weapon)
The white imp shouts, "Return whence thou came, thou hateful two-tin-hat reprobate!"
The orc completely misses you.
The orc priest mumbles some strange prayers to Beogh against you.
Beogh smites you!
Ouch! That really hurt!
You die...

... ##.## #
##...## #
#...#####.....##.#
#(...............
#.#######.^o.5## #
##.oo# ...
###o###..# ###
#?o@.....# #..
#...$###.# #.#
#.#..# #.# #.#
...##.# #.# #.#
#### #.# #.# ###.#
#.###.#######.#.#
#...............#
#####.#####.###.#
#.........##.


You could see an orc priest, an orc wizard, a white imp and 3 orcs.

Vanquished Creatures
  3 adders (D:2)
  A dart slug (D:1)
  A worm (D:2)
  4 orcs
  4 bats
  An endoplasm (D:4)
  A goblin (D:2)
  3 hobgoblins
  3 kobolds (D:2)
  3 quokkas (D:2)
  A rat (D:3)
25 creatures vanquished.

Notes
Turn   | Place    | Note
-------+----------+-------------------------------------------
     0 | D:1      | Aramant the Spriggan Hunter began the quest for the Orb.
     0 | D:1      | Reached XP level 1. HP: 10/10 MP: 2/2
    65 | D:2      | Reached XP level 2. HP: 14/14 MP: 3/3
   166 | D:2      | Reached XP level 3. HP: 16/18 MP: 4/4
   338 | D:2      | Reached skill level 5 in Ranged Weapons
   489 | D:5      | Entered Level 5 of the Dungeon
   564 | D:5      | Killed from afar by an orc priest

Illustrated notes

Levels and vault maps discovered:
D:1:      psy_arrival_spokes, layout_basic,
          shapermc_ecumenical_altar_flowoftime, chequers_serial_rivers_small_b
D:2:      layout_basic
D:3:      cheibrodos_old_hovel, layout_basic
D:4:      layout_basic, minmay_temple_entry_fiery
D:5:      layout_loops_ring, ebering_ghost_inner_flame

Skill      XL: |  1  2  3 |
---------------+----------+-----
Dodging        | 3 |  3.2
Ranged Weapons | 5 |  5.2
Fighting       | |  1.7
Stealth        | |  1.5

Action                   || total
-------------------------++-------
Melee: Short sword       ||     6
 Fire: Shortbow          ||    69
  Use: Scroll            ||     5
Armor: Robe              ||     5
Dodge: Dodged            ||    25

Table legend: (Time is in decaauts)
 A = Elapsed time spent in this place.
 B = Non-inter-level travel time spent in this place.
 C = Inter-level travel time spent in this place.
 D = Time resting spent in this place.
 E = Time spent auto-exploring this place.
 F = Levels seen in this place.
 G = Mean time per level.
                   A        B        C        D        E       F      G
               +--------+--------+--------+--------+--------+-----+--------+
         Total |    418 |    383 |     35 |     43 |    108 |   5 |   83.6 |
       Dungeon |    418 |    383 |     35 |     43 |    108 |   5 |   83.6 |
               +--------+--------+--------+--------+--------+-----+--------+

Top non-repeatable levels by time:
     D:2: 243 daAuts
     D:3: 55 daAuts
     D:5: 46 daAuts
     D:4: 36 daAuts
     D:1: 36 daAuts
